 Dungeon Crawl Stone Soup version 0.17.0-73-gb648821 (webtiles) character file.

73 fredomojojo the Stinger (level 4, 0/31 HPs)
             Began as a Formicid Venom Mage on Dec 9, 2015.
             Succumbed to an adder's poison
             ... on level 3 of the Dungeon.
             The game lasted 00:23:27 (1114 turns).

fredomojojo the Stinger (Formicid Venom Mage)       Turns: 1114, Time: 00:23:28

Health: 0/31       AC:  2    Str: 12    XL:     4   Next: 51%
Magic:  7/8        EV: 12    Int: 15    God:
Gold:   55         SH:  0    Dex: 12    Spells: 1 memorised, 7 levels left

rFire  . . .     SeeInvis +     o - +2 dagger (drain)
rCold  . . .     Clarity  .     k - +0 robe
rNeg   + . .     SustAt   .     (no shield)
rPois  .         Gourm    .     (helmet unavailable)
rElec  .         Spirit   .     (no cloak)
rCorr  .         Warding  .     (no gloves)
rMut   .         Stasis   +     (no boots)
MR     .....                    (no amulet)
Stlth  ++........               p - ring of teleportation (curse)
                                i - ring of positive energy

@: lethally poisoned (0 -> -8), not resistant to hostile enchantments,
unstealthy
A: permanent stasis, dig shafts and tunnels, four strong arms, antennae 3
a: Dig, Shaft Self, Evoke Teleportation


You were on level 3 of the Dungeon.
You were not hungry.

You visited 1 branch of the dungeon, and saw 3 of its levels.

You collected 55 gold pieces.

Inventory:

Hand Weapons
 e - a +4 short sword
 o - a +2 dagger of draining (weapon)
Missiles
 g - 7 stones (quivered)
Armour
 a - a +0 robe
 k - a +0 robe (worn)
Jewellery
 i - a ring of positive energy (left hand)
 p - a cursed ring of teleportation (right hand)
Scrolls
 r - a scroll of blinking {unknown}
 s - a scroll of teleportation {unknown}
 t - a scroll of fog {unknown}
 u - a scroll of identify
Potions
 h - a potion of lignification
 l - a potion of magic
 m - a potion of curing {unknown}
 n - a potion of brilliance {unknown}
 q - a potion of degeneration {unknown}
Books
 b - a Young Poisoner's Handbook

   Spells                             Type                      Level
   a - Sting                          Conjuration/Poison           1
   b - Cure Poison                    Poison                       2
   c - Mephitic Cloud                 Conjuration/Poison/Air       3
   d - Olgreb's Toxic Radiance        Poison                       4
   e - Venom Bolt                     Conjuration/Poison           5
Comestibles
 c - a bread ration
 d - 8 chunks of flesh
 f - a meat ration
 j - a beef jerky


   Skills:
 + Level 0.9 Fighting
 * Level 1.1 Short Blades
 + Level 2.1 Dodging
 * Level 3.8 Stealth
 + Level 2.7 Spellcasting
 + Level 5.6 Poison Magic


You had 7 spell levels left.
You knew the following spells:

 Your Spells              Type           Power        Failure   Level  Hunger
a - Sting                 Conj/Pois      ##..         8%          1    #......


Dungeon Overview and Level Annotations

Branches:
Dungeon (3/15)

Altars:
Xom
Zin


Innate Abilities, Weirdness & Mutations

You are under a permanent stasis effect.
You can dig through walls and to a lower floor.
Your four strong arms can wield two-handed weapons with a shield.
You have a pair of large antennae on your head (SInv).


Message History

The adder is heavily wounded.
* * * LOW HITPOINT WARNING * * *
You feel sick. The adder misses you.
You closely miss the adder.
The adder is moderately wounded.
* * * LOW HITPOINT WARNING * * *
You feel sick. The adder bites you.
* * * LOW HITPOINT WARNING * * *
Casting: Sting
Confirm with . or Enter, or press ? or * to list all spells.
Aiming: Sting
Press: ? - help, Shift-Dir - straight line, f - adder
Aim: an adder (moderately wounded)
The sting hits the adder.
The adder is severely wounded.
The adder bites you.
* * * LOW HITPOINT WARNING * * *
You closely miss the adder.
The adder is severely wounded.
You die... ######### #@SS..... #########

You could see 2 adders.

Vanquished Creatures
  3 adders (D:2)
  2 worms (D:2)
  A giant gecko (D:2)
  A giant cockroach (D:2)
  3 hobgoblins
  3 jackals (D:1)
  4 bats (D:1)
  9 goblins
  6 kobolds
  9 rats
41 creatures vanquished.

Notes
Turn   | Place    | Note
--------------------------------------------------------------
     0 | D:1      | fredomojojo the Formicid Venom Mage began the quest for the Orb.
     0 | D:1      | Reached XP level 1. HP: 13/13 MP: 3/3
   295 | D:1      | Reached XP level 2. HP: 16/19 MP: 1/5
   567 | D:1      | Reached XP level 3. HP: 18/24 MP: 1/6
   741 | D:2      | Reached skill level 1 in Short Blades
   896 | D:2      | Reached XP level 4. HP: 23/31 MP: 5/7
  1071 | D:2      | Noticed an angel
  1075 | D:2      | Found a glowing silver altar of Zin.
  1075 | D:2      | Found a shimmering altar of Xom.
  1113 | D:3      | HP: 1/31 [adder (3)]
  1114 | D:3      | Succumbed to an adder's poison

Action                   |  1- 3 |  4- 6 || total
-------------------------+-------+-------++-------
Melee: Unarmed           |     6 |       ||     6
       Short sword       |    25 |       ||    25
       Dagger            |     2 |    24 ||    26
 Cast: Sting             |    42 |    12 ||    54
 Abil: Dig               |    12 |     5 ||    17
  Use: Scroll            |     2 |       ||     2
 Stab: Sleeping          |     4 |     1 ||     5
  Eat: Chunk             |     2 |     2 ||     4
